 Dungeon Crawl Stone Soup version 0.22-a0-284-g99d1f74 (webtiles) character file.

22 Amnesiac the Ducker (level 2, 0/24 HPs)
             Began as a Spriggan Fighter on Mar 21, 2018.
             Killed by divine providence
             ... invoked by an orc priest
              (10 damage)
             ... on level 2 of the Dungeon.
             The game lasted 00:00:57 (248 turns).

Amnesiac the Ducker (Spriggan Fighter)               Turns: 248, Time: 00:00:57

Health: 0/24       AC: 21    Str: 12    XL:     2   Next: 68%
Magic:  3/3        EV:  4    Int:  9    God:
Gold:   32         SH:  6    Dex: 15    Spells: 1/1 levels left

rFire    . . .     SeeInvis +   a - +0 long sword
rCold    . . .     Gourm    .   c - +0 buckler
rNeg     + + +     Faith    .   (armour currently unavailable)
rPois    +         Spirit   .   (helmet currently unavailable)
rElec    .         Reflect  .   (cloak currently unavailable)
rCorr    .         Harm     .   (gloves unavailable)
MR       .....     NoTele   +   (boots unavailable)
Stlth    +.........             (no amulet)
HPRegen  0.08/turn              (no ring)
MPRegen  0.08/turn              (no ring)

@: tree-form
A: very small, unfitting armour, see invisible, herbivore, slow metabolism 2
a: no special abilities


You were on level 2 of the Dungeon.
You were not hungry.
You were a tree.
You visited 1 branch of the dungeon, and saw 2 of its levels.

You collected 32 gold pieces.

Inventory:

Hand Weapons
 a - a +0 long sword (weapon)
 h - a +0 hunting sling
 j - a +0 dagger of protection
Armour
 b - a +0 robe (melded)
 c - a +0 buckler (worn)
Jewellery
 g - a cursed amulet of inaccuracy {unknown}
Scrolls
 i - a scroll of amnesia {!r, unknown}
 k - a scroll of teleportation {!r}
Potions
 d - a potion of might {!q}
Comestibles
 f - 3 rations


   Skills:
 + Level 2.6 Fighting
 * Level 2.1 Long Blades
 + Level 4.7 Dodging
 + Level 2.3 Shields


You had one spell level left.
You didn't know any spells.

Dungeon Overview and Level Annotations

Branches:
Dungeon (2/15)

Altars:


Innate Abilities, Weirdness & Mutations

You are very small and have problems with some larger weapons.
You are too small for most types of armour.
You have supernaturally acute eyesight. (SInv)
You are a herbivore.
((You cover ground extremely quickly.))
You need to consume almost no food.


Message History

The leopard gecko barely misses you.
You riposte.
You slash the leopard gecko!
You kill the leopard gecko!
You have reached level 2!
You barely miss the kobold. The kobold hits you but does no damage.
You closely miss the kobold. The kobold barely misses you.
You hit the kobold.
The kobold is severely wounded.
The kobold hits you but does no damage. x2
You slash the kobold!
You kill the kobold!
The adder completely misses you.
You barely miss the adder. The adder bites you but does no damage.
You slash the ball python!
You kill the ball python!
You block the adder's attack.
You hit the adder.
The adder is moderately wounded.
The adder bites you but does no damage. The rat bites you but does no damage.
The adder bites you but does no damage. The rat bites you but does no damage.
You completely miss the adder.
The adder is moderately wounded.
The adder bites you but does no damage. x2
The rat bites you but does no damage.
You closely miss the adder.
The adder is moderately wounded.
You block the adder's attack. You block the rat's attack. The adder bites you.
* * * LOW HITPOINT WARNING * * *
You hit the adder.
The adder is heavily wounded.
The rat bites you but does no damage. The adder bites you but does no damage.
The rat bites you but does no damage.
You hit the adder.
The adder is severely wounded.
The adder bites you but does no damage. x2; The rat bites you.
* * * LOW HITPOINT WARNING * * *
You closely miss the adder.
The adder is severely wounded.
You block the adder's attack. The rat barely misses you.
You riposte.
You hit the rat.
You kill the rat!
The adder bites you but does no damage.
You slash the adder!
You kill the adder!
Your Long Blades skill increases to level 2!
The giant cockroach bites you but does no damage.
You hit the giant cockroach.
The giant cockroach is severely wounded.
The giant cockroach bites you but does no damage. x2
You hit the giant cockroach but do no damage.
The giant cockroach is severely wounded.
You barely miss the quokka. You block the giant cockroach's attack.
The quokka bites you but does no damage.
The giant cockroach bites you but does no damage.
The quokka bites you but does no damage.
You hit the quokka.
The quokka is severely wounded.
The giant cockroach bites you but does no damage.
The quokka bites you but does no damage.
You hit the quokka.
You kill the quokka!
The giant cockroach bites you but does no damage.
The orc priest mumbles some strange prayers to Beogh against you.
Beogh smites you!
You die...

.......#.# #r.....
.......#K###r.....
......r...........
#.#.S#K...........
#..#..S.........
###.#K.....######
#s.o.............
########K#.#............
#......♣s#.#............
#.######.#.#............
#######...#......
#..#.#......
#....#......
###.##...... .. #......
... ####S## ###.##


You could see an orc priest, 2 giant cockroaches and a kobold.

Vanquished Creatures
  An adder (D:2)
  A leopard gecko (D:2)
  3 bats (D:2)
  A hobgoblin (D:2)
  A quokka (D:2)
  A ball python (D:2)
  A frilled lizard (D:1)
  A goblin (D:1)
  2 kobolds
  2 rats
14 creatures vanquished.

Notes
Turn   | Place    | Note
-------+----------+-------------------------------------------
     0 | D:1      | Amnesiac the Spriggan Fighter began the quest for the Orb.
     0 | D:1      | Reached XP level 1. HP: 11/11 MP: 2/2
   194 | D:2      | Noticed an orc priest
   230 | D:2      | Reached XP level 2. HP: 10/16 MP: 3/3
   248 | D:2      | Killed from afar by an orc priest

Vault maps used:
D:1:      dpeg_arrival_rhombi, minivault_25, lexackson_kobold_supper
D:2:      first_ration, bh_walls_and_bars, uniq_natasha

Skill      XL: |  1  2 |
---------------+-------+-----
Long Blades    | 2 |  2.1
Fighting       | |  2.6
Dodging        | |  4.7
Shields        | |  2.3

Action                   || total
-------------------------++-------
Melee: Long sword        ||    46
  Use: Scroll            ||     1
       Potion            ||     1
 Stab: Sleeping          ||     1
Armor: Robe              ||     8
       Skin              ||    32
Dodge: Dodged            ||    29
Block: Buckler           ||    16
       Rpst.: Long sword ||    10

Table legend:
 A = Spawn XP
 B = Non-spawn XP
 C = Spawn XP percentage of total XP
 D = Spawn monster count
 E = Non-spawn monster count
 F = Spawn count percentage of total count
 G = Total turns spent on level
                    A         B        C        D         E        F      G
               +---------+---------+-------+---------+---------+-------+---------
         Total |       0 |      32 |   0.0 |       0 |      14 |   0.0 |   248
               +---------+---------+-------+---------+---------+-------+---------
           D:1 |       0 |       4 |   0.0 |       0 |       4 |   0.0 |   168
           D:2 |       0 |      28 |   0.0 |       0 |      10 |   0.0 |    80
               +---------+---------+-------+---------+---------+-------+---------
